 Dungeon Crawl Stone Soup version 0.21.1-1-g345015f (webtiles) character file.

249 tidbits the Chiller (level 6, -16/44 HPs)
             Began as a Gnoll Ice Elementalist on Apr 5, 2018.
             Demolished by Pikel
             ... wielding a +1 whip of electrocution
              (18 damage)
             ... on level 4 of the Dungeon.
             The game lasted 00:06:17 (745 turns).

tidbits the Chiller (Gnoll Ice Elementalist)         Turns: 745, Time: 00:06:17

Health: -16/44     AC:  9    Str: 11    XL:     6   Next: 12%
Magic:  1/13       EV: 15    Int: 19    God:
Gold:   100        SH:  0    Dex: 15    Spells: 5/15 levels left

rFire    . . .     SeeInvis .   b - +0 scimitar
rCold    . . .     Gourm    .   (no shield)
rNeg     . . .     Faith    .   B - +0 robe (curse)
rPois    .         Spirit   .   E - +0 helmet
rElec    .         Reflect  .   (no cloak)
rCorr    .         Harm     .   (no gloves)
MR       .....                  (no boots)
Stlth    +++.......             (no amulet)
HPRegen  0.14/turn              (no ring)
MPRegen  0.13/turn              (no ring)

@: icy armour, very slightly contaminated, slow
A: distributed training, fangs 1, strong nose
a: no special abilities


You were on level 4 of the Dungeon.
You were not hungry.

You visited 1 branch of the dungeon, and saw 5 of its levels.

You collected 100 gold pieces.

Inventory:

Hand Weapons
 a - a +0 dagger
 b - a +0 scimitar (weapon)
 j - a +0 trident
Armour
 e - a +0 robe
 B - a cursed +0 robe (worn)
 E - a +0 helmet (worn)
Scrolls
 h - a scroll of enchant armour {unknown}
 k - a scroll of remove curse {unknown}
 m - a scroll of identify {unknown}
 n - a scroll of fear {unknown}
 o - a scroll of noise {unknown}
 p - a scroll of enchant weapon {unknown}
Potions
 d - a potion of lignification
 f - 2 potions of magic {unknown}
 g - a potion of cancellation {unknown}
 l - a potion of flight {unknown}
 q - a potion of curing {unknown}
Books
 i - a book of Frost

   Spells                             Type                      Level
   a - Freeze                         Ice                          1
   b - Throw Frost                    Conjuration/Ice              2
   c - Ozocubu's Armour               Charms/Ice                   3
   d - Throw Icicle                   Conjuration/Ice              4
   e - Summon Ice Beast               Ice/Summoning                4
Comestibles
 c - 4 rations


   Skills:
 + Level 1.8 Fighting
 + Level 1.8 Short Blades
 + Level 1.8 Long Blades
 + Level 1.8 Axes
 + Level 1.8 Maces & Flails
 + Level 1.8 Polearms
 + Level 1.8 Staves
 + Level 1.8 Slings
 + Level 1.8 Bows
 + Level 1.8 Crossbows
 + Level 1.8 Throwing
 + Level 1.8 Armour
 + Level 4.9 Dodging
 + Level 4.5 Stealth
 + Level 1.8 Shields
 + Level 1.8 Unarmed Combat
 + Level 5.3 Spellcasting
 + Level 2.5 Conjurations
 + Level 1.4 Hexes
 + Level 1.4 Charms
 + Level 1.4 Summonings
 + Level 1.4 Necromancy
 + Level 1.4 Translocations
 + Level 1.4 Transmutations
 + Level 1.4 Fire Magic
 + Level 5.6 Ice Magic
 + Level 1.4 Air Magic
 + Level 1.4 Earth Magic
 + Level 1.4 Poison Magic
 + Level 2.0 Invocations
 + Level 1.8 Evocations


You had 5 spell levels left.
You knew the following spells:

 Your Spells              Type           Power        Failure   Level  Hunger
a - Freeze                Ice            ####         1%          1    None
j - Throw Frost           Conj/Ice       ###...       3%          2    None
o - Ozocubu's Armour      Chrm/Ice       ###.....     9%          3    ##.....
x - Summon Ice Beast      Ice/Summ       ###.....     28%         4    ####...


Dungeon Overview and Level Annotations

Branches:
Dungeon (5/15)
 Temple: D:4-7

Altars:
Gozag
Nemelex Xobeh

Annotations:
D:4 Pikel


Innate Abilities, Weirdness & Mutations

Your experience applies equally to all skills.
You have very sharp teeth.
Your uncanny sense of smell can sniff out nearby items.


Message History

Press: ? - help, Shift-Dir - straight line, f/p - slave
Aim: a slave, wearing an animal skin (moderately wounded)
You freeze the slave.
The slave is heavily wounded.
The slave hits you but does no damage.
Casting: Freeze
Confirm with . or Enter, or press ? or * to list all spells.
Aiming: Freeze
Press: ? - help, Shift-Dir - straight line, f/p - slave
Aim: a slave, wearing an animal skin (heavily wounded)
You freeze the slave.
You kill the slave!
That felt strangely unrewarding.
Items here: ) [[ †† an animal skin; a club; a ring mail; a human corpse; an orc corpse
There is a stone staircase leading down here.
Okay, then.
Adjust (i)tems, (s)pells, or (a)bilities?
Adjust which spell?
Okay, then.
This spell is quite dangerous to cast!
Memorise Summon Ice Beast, consuming 4 spell levels and leaving 5?
You start memorising the spell.
You continue memorising. x4
You finish memorising.
Spell assigned to 'b'.
Adjust (i)tems, (s)pells, or (a)bilities?
Adjust which spell? b - Summon Ice Beast Adjust to which letter? x - Summon Ice Beast You climb downwards.
Level annotation: Pikel The jackal bites you but does no damage.
Pikel completely misses you. The jackal closely misses you.
You riposte.
You barely miss the jackal.
There is a stone staircase leading up here.
Unknown command.
The jackal closely misses you. Pikel barely misses you.
The slave barely misses you. The jackal bites you.
You climb upwards.
There is a stone staircase leading down here.
Unknown command.
Casting: Freeze
Confirm with . or Enter, or press ? or * to list all spells.
You miscast Summon Ice Beast.
You are very lightly contaminated with residual magic.
Nothing appears to happen.
The slave hits you. Pikel hits you but does no damage. The jackal misses you.
Casting: Summon Ice Beast
Confirm with . or Enter, or press ? or * to list all spells.
A chill wind blows around you. The jackal closely misses you.
The slave closely misses you.
You riposte.
You closely miss the slave.
Pikel hits you with a whip of electrocution.
Unknown command.
The jackal closely misses you. The jackal barely misses you.
Your ice beast hits the jackal.
Your ice beast freezes the jackal.
The jackal dies!
The slave completely misses you.
You closely miss the slave. The slave misses you.
You hit Pikel but do no damage. You bite Pikel, but do no damage.
Your ice beast hits Pikel but does no damage.
Pikel hits you with a whip of electrocution!
Casting: Summon Ice Beast
Confirm with . or Enter, or press ? or * to list all spells.
Aiming: Freeze
Press: ? - help, Shift-Dir - straight line, f - Pikel
Aim: Pikel, wielding a whip of electrocution and wearing a robe You freeze Pikel.
Pikel is moderately wounded.
Your ice beast hits Pikel but does no damage.
Pikel hits you but does no damage.
Casting: Freeze
Confirm with . or Enter, or press ? or * to list all spells.
Aiming: Freeze
Press: ? - help, Shift-Dir - straight line, f/p - Pikel
Aim: Pikel, wielding a whip of electrocution and wearing a robe (moderately wounded)
You freeze Pikel.
Pikel is heavily wounded.
Your ice beast closely misses Pikel.
Pikel closely misses you.
Casting: Freeze
Confirm with . or Enter, or press ? or * to list all spells.
You don't have enough magic to cast that spell.
You completely miss Pikel. You bite Pikel, but do no damage.
Pikel is heavily wounded.
Your ice beast hits Pikel but does no damage.
Pikel hits you but does no damage.
Your ice beast hits Pikel.
Your ice beast freezes Pikel!
You hit Pikel but do no damage.
Pikel is severely wounded.
Pikel barely misses you.
Your ice beast hits Pikel but does no damage.
You hit Pikel but do no damage.
Pikel is severely wounded.
Pikel cracks his whip.
Pikel hits you with a whip of electrocution.
* * * LOW HITPOINT WARNING * * *
You are electrocuted!
* * * LOW HITPOINT WARNING * * *
Your ice beast completely misses Pikel.
Pikel hits you but does no damage.
You are electrocuted!
You die...

#.# ##########.# ..... #.#
........##.# # #.#.#
#####.##.# # #.#.# ...#.##.# #
#.#.# ####.#.#..###########
#.#.# #.....<#.............
#.#.# #.##............#####
#.#.# #.p.#..###...#....
##.#.########@#.#.##.##..#.#..
#............YK...#%$.#....'..
###.###########...#.∩?#..###..
#.# ######...#...#....... #.#
#....[...##5##.###... #.#
#.#####...###..#...## #.#
####.# #..........### #.#
#....# ##...[...### #.# #....#
#########


You could see Pikel, a slave and a friendly ice beast.

Vanquished Creatures
  A slave (D:4)
  A howler monkey (D:4)
  A hound (D:4)
  2 orc priests (D:4)
  An orc wizard (D:3)
  4 adders
  3 dart slugs
  A leopard gecko (D:2)
  11 orcs
  2 bats
  4 giant cockroaches
  3 goblins (D:2)
  2 hobgoblins
  2 jackals (D:5)
  3 frilled lizards
  4 kobolds
  A rat (D:1)
46 creatures vanquished.

Vanquished Creatures (collateral kills)
  A jackal (D:4)
1 creature vanquished.

Grand Total: 47 creatures vanquished

Notes
Turn   | Place    | Note
-------+----------+-------------------------------------------
     0 | D:1      | tidbits the Gnoll Ice Elementalist began the quest for the Orb.
     0 | D:1      | Reached XP level 1. HP: 13/13 MP: 6/6
    54 | D:1      | Reached skill level 2 in Conjurations
    63 | D:2      | Reached XP level 2. HP: 18/19 MP: 5/7
    68 | D:2      | Learned a level 2 spell: Throw Frost
   182 | D:2      | Reached XP level 3. HP: 21/25 MP: 3/9
   187 | D:2      | Learned a level 3 spell: Ozocubu's Armour
   231 | D:2      | Reached skill level 5 in Spellcasting
   236 | D:2      | Reached skill level 1 in Invocations
   293 | D:3      | Reached skill level 1 in Fighting
   293 | D:3      | Reached skill level 1 in Short Blades
   293 | D:3      | Reached skill level 1 in Long Blades
   293 | D:3      | Reached skill level 1 in Axes
   293 | D:3      | Reached skill level 1 in Maces & Flails
   293 | D:3      | Reached skill level 1 in Polearms
   293 | D:3      | Reached skill level 1 in Staves
   293 | D:3      | Reached skill level 1 in Slings
   293 | D:3      | Reached skill level 1 in Bows
   293 | D:3      | Reached skill level 1 in Crossbows
   293 | D:3      | Reached skill level 1 in Throwing
   293 | D:3      | Reached skill level 1 in Armour
   293 | D:3      | Reached skill level 1 in Shields
   293 | D:3      | Reached skill level 1 in Unarmed Combat
   293 | D:3      | Reached skill level 1 in Evocations
   293 | D:3      | Reached XP level 4. HP: 32/32 MP: 11/11
   325 | D:3      | Found a sparkling altar of Nemelex Xobeh.
   326 | D:3      | Found an opulent altar of Gozag.
   376 | D:3      | Reached skill level 1 in Hexes
   376 | D:3      | Reached skill level 1 in Charms
   376 | D:3      | Reached skill level 1 in Summonings
   376 | D:3      | Reached skill level 1 in Necromancy
   376 | D:3      | Reached skill level 1 in Translocations
   376 | D:3      | Reached skill level 1 in Transmutations
   376 | D:3      | Reached skill level 1 in Fire Magic
   376 | D:3      | Reached skill level 1 in Air Magic
   376 | D:3      | Reached skill level 1 in Earth Magic
   376 | D:3      | Reached skill level 1 in Poison Magic
   442 | D:4      | Reached XP level 5. HP: 8/37 MP: 8/12
   494 | D:5      | Entered Level 5 of the Dungeon
   585 | D:4      | Reached skill level 2 in Invocations
   585 | D:4      | Reached XP level 6. HP: 21/44 MP: 9/13
   623 | D:5      | Noticed a slave
   709 | D:5      | Noticed Pikel
   709 | D:5      | Noticed a slave
   710 | D:5      | Noticed a slave
   721 | D:4      | Killed a slave
   731 | D:4      | Learned a level 4 spell: Summon Ice Beast
   734 | D:5      | Noticed a slave
   745 | D:4      | HP: 2/44 [Pikel/whip of electrocution (18)]
   745 | D:4      | Demolished by Pikel

Skill      XL: |  1  2  3  4  5 |
---------------+----------------+-----
Conjurations   | 2 |  2.5
Spellcasting   | 5 |  5.3
Invocations    | 1 2 |  2.0
Fighting       | 1 |  1.8
Short Blades   | 1 |  1.8
Long Blades    | 1 |  1.8
Axes           | 1 |  1.8
Maces & Flails | 1 |  1.8
Polearms       | 1 |  1.8
Staves         | 1 |  1.8
Slings         | 1 |  1.8
Bows           | 1 |  1.8
Crossbows      | 1 |  1.8
Throwing       | 1 |  1.8
Armour         | 1 |  1.8
Shields        | 1 |  1.8
Unarmed Combat | 1 |  1.8
Evocations     | 1 |  1.8
Hexes          | 1 |  1.4
Charms         | 1 |  1.4
Summonings     | 1 |  1.4
Necromancy     | 1 |  1.4
Translocations | 1 |  1.4
Transmutations | 1 |  1.4
Fire Magic     | 1 |  1.4
Air Magic      | 1 |  1.4
Earth Magic    | 1 |  1.4
Poison Magic   | 1 |  1.4
Dodging        | |  4.9
Stealth        | |  4.5
Ice Magic      | |  5.6

Action                   |  1- 3 |  4- 6 || total
-------------------------+-------+-------++-------
Melee: Dagger            |     4 |       ||     4
       Unarmed           |     1 |    21 ||    22
       Scimitar          |     6 |    22 ||    28
       Bite              |     1 |     4 ||     5
 Cast: Freeze            |    17 |    29 ||    46
       Ozocubu's Armour  |       |     2 ||     2
       Summon Ice Beast  |       |     1 ||     1
  Use: Potion            |       |     1 ||     1
 Stab: Sleeping          |     5 |       ||     5
       Distracted        |     1 |       ||     1
Armor: Robe              |       |    15 ||    15
       Skin              |       |    13 ||    13
Dodge: Dodged            |    11 |    64 ||    75
       Rpst.: Scimitar   |     3 |    21 ||    24

Table legend:
 A = Turns spent in this place as a percentage of turns spent in the entire game.
 B = Non-inter-level travel turns spent in this place as a percentage of non-inter-level travel turns spent in the entire game.
 C = Inter-level travel turns spent in this place as a percentage of turns spent in this place.
 D = Turns resting spent in this place as a percentage of non-inter-level travel turns spent in this place.
 E = Turns spent auto-exploring this place as a percentage of non-inter-level travel turns spent in this place.
 F = Non-inter-level travel turns spent in this place divided by the number of levels of this place that you've seen.
                   A       B       C       D       E      F
               +-------+-------+-------+-------+-------+----------------------
         Total | 100.0 | 100.0 |   0.0 |   0.0 |   0.0 | 149.0
       Dungeon | 100.0 | 100.0 |   0.0 |   0.0 |   0.0 | 149.0
               +-------+-------+-------+-------+-------+----------------------

Table legend:
 A = Kills in this place as a percentage of kills in entire the game.
 B = Kills by you in this place as a percentage of kills by you in the entire game.
 C = Kills by friends in this place as a percentage of kills by friends in the entire game.
 D = Other kills in this place as a percentage of other kills in the entire game.
 E = Experience gained in this place as a percentage of experience gained in the entire game.
 F = Experience gained in this place divided by the number of levels of this place that you have seen.
                   A       B       C       D       E      F
               +-------+-------+-------+-------+-------+----------------------
         Total | 100.0 | 100.0 | 100.0 |   N/A | 100.0 |  71.2
       Dungeon | 100.0 | 100.0 | 100.0 |   N/A | 100.0 |  71.2
               +-------+-------+-------+-------+-------+----------------------

Vault maps used:
D:1:      minmay_arrival_stone_box, serial_bayou_pond_b, serial_bayou_pond_e,
          st_stairs_14, supply_closet_lemuel
D:3:      grunt_temple_overflow_opulence
D:4:      cheibrodos_quashed, minmay_overflow_temple_star_quad, serial_shops,
          shop
D:5:      lemuel_round_altar, first_ration, uniq_pikel, uniq_eustachio,
          uniq_blork_the_orc, uniq_prince_ribbit1
